 Dungeon Crawl Stone Soup version 0.26.0-16-gc1dbca0489 (webtiles) character file.

Game seed: 3902752639941080564

222823 EnegeticOcto the Severer (level 18, -3/147 (165) HPs)
             Began as a Deep Dwarf Delver on Jan 18, 2021.
             Was the Champion of Ru.
             Slain by a reaper
             ... wielding a +4 scythe
             ... summoned by an orange crystal statue
              (16 damage)
             ... on level 4 of a ziggurat.
             The game lasted 01:21:31 (6688 turns).

EnegeticOcto the Severer (Deep Dwarf Delver)        Turns: 6688, Time: 01:21:32

HP:   -3/147 (165)  AC: 26    Str: 25    XL:     18   Next: 11%
MP:   0/18          EV: 15    Int: 14    God:    Ru [******]
Gold: 161           SH:  0    Dex: 12    Spells: 28/29 levels left

rFire    + . .     SeeInvis .   d - +5 battleaxe (distort)
rCold    . . .     Faith    +   (shield currently unavailable)
rNeg     + . .     Spirit   .   h - +6 chain mail "Pauw" {rElec}
rPois    .         Reflect  .   (no helmet)
rElec    +         Harm     .   (no cloak)
rCorr    .         Rampage  .   R - +1 pair of gloves
Will     ++++.                  I - -1 pair of boots
Stlth    ..........             b - amulet of Honesty {Faith Will++ Str+2 Int+4 Slay+2}
HPRegen  0.00/turn              M - ring of protection from fire
MPRegen  0.16/turn              n - +4 ring of protection

@: lethally poisoned (-3 -> -3), exhausted, weakened, non-regenerating, heavily
drained
A: damage resistance, heal wounds, clumsy 1, dopey 1, negative energy resistance
1, sense surroundings 3, no stealth, no fire magic, no summoning magic, no
transmutations magic, unskilled 1, inexperienced 1, no regeneration
}: 2/15 runes: decaying, gossamer
a: Heal Wounds, Renounce Religion, Draw Out Power, Power Leap, Apocalypse


You were on level 4 of a ziggurat.
You worshipped Ru.
Ru was exalted by your worship.
You visited 7 branches of the dungeon, and saw 33 of its levels.
You visited 1 ziggurat, and saw 4 of its levels.

You collected 1231 gold pieces.
You spent 1070 gold pieces at shops.

Inventory:

Hand Weapons
 d - a +5 battleaxe of distortion (weapon)
   (You took it off an orc warrior on level 2 of the Orcish Mines)
 Q - a +3 vampiric executioner's axe
   (You took it off Rupert on level 3 of the Lair of Beasts)
Missiles
 w - 8 curare-tipped darts (quivered)
Armour
 h - the +6 chain mail "Pauw" (worn) {rElec}
   (You found it on level 1 of the Lair of Beasts)

   It insulates you from electricity.
 C - a +3 chain mail of poison resistance
   (You bought it in a shop on level 2 of the Orcish Mines)
 I - a -1 pair of boots (worn)
   (You found it on level 9 of the Dungeon)
 R - a +1 pair of gloves (worn)
   (You found it on level 4 of the Lair of Beasts)
Jewellery
 b - the amulet of Honesty (around neck) {Faith Will++ Str+2 Int+4 Slay+2}
   (You found it on level 2 of a ziggurat)

   [amulet of faith]

   It allows you to gain divine favour quickly.
   It affects your strength (+2).
   It affects your intelligence (+4).
   It affects your accuracy and damage with ranged weapons and melee attacks
   (+2).
   It affects your willpower, your defense against some magical effects.
 j - an uncursed ring of fire
   (You found it on level 8 of the Dungeon)
 n - a +4 ring of protection (right hand)
   (You found it on level 6 of the Dungeon)
 G - an uncursed ring of see invisible
   (You found it on level 9 of the Dungeon)
 M - a ring of protection from fire (left hand)
   (You found it on level 4 of the Lair of Beasts)
 O - a +6 ring of intelligence
   (You found it on level 3 of the Lair of Beasts)
Wands
 g - a wand of digging (14) {@v3}
 k - a wand of iceblast (10) {@v2}
   (You found it on level 3 of the Depths)
 r - a wand of acid (9) {@v1}
   (You found it on level 8 of the Dungeon)
 u - a wand of enslavement (12)
   (You found it on level 9 of the Dungeon)
 y - a wand of polymorph (5)
   (You found it on level 3 of the Swamp)
 B - a wand of flame (31) {@v4}
   (You found it on level 10 of the Dungeon)
 E - a wand of random effects (27)
   (You found it on level 11 of the Dungeon)
 J - a wand of disintegration (20)
   (You found it on level 9 of the Dungeon)
Scrolls
 c - a scroll of fog {!r}
 e - 3 scrolls of fear {!r}
 q - 3 scrolls of immolation
 s - a scroll of brand weapon
 t - a scroll of summoning
 v - 3 scrolls of remove curse {@r2}
 D - 9 scrolls of teleportation {@r3 !r}
 P - 2 scrolls of blinking {@r4}
 Y - 3 scrolls of magic mapping {@r5 !r}
Potions
 a - 3 potions of ambrosia
 f - 4 potions of haste {@q4 !q}
 l - 5 potions of curing {@q1 !q}
 p - a potion of invisibility
 z - 5 potions of might {@q3 !q}
 H - 3 potions of heal wounds {@q2 !q}
 N - 3 potions of resistance
 S - 2 potions of mutation
 T - a potion of flight
 U - 3 potions of berserk rage
 V - a potion of lignification {@q6}
 X - a potion of brilliance
 Z - a potion of cancellation
Miscellaneous
 A - a condenser vane (inert)
   (You found it on level 10 of the Dungeon)
 W - a lightning rod (4/4)
   (You found it on level 2 of the Spider Nest)


   Skills:
 + Level 11.2 Fighting
 - Level 20.0 Axes
 + Level 13.5 Armour
 + Level 13.7 Dodging
 + Level 6.1 Spellcasting
 - Level 11.5 Evocations


You had 28 spell levels left.
You knew the following spells:

 Your Spells              Type           Power        Failure   Level
a - Apportation           Tloc           8%           54%         1

Your spell library contained the following spells:

 Spells                   Type           Power        Failure   Level
 Animate Skeleton         Necr           8%           54%         1
 Corona                   Hex            4%           54%         1
 Summon Small Mammal      Summ           Unusable     N/A         1

Dungeon Overview and Level Annotations

Branches:
Dungeon (15/15)            Temple (1/1) D:5            Lair (6/6) D:9
  Swamp (4/4) Lair:3       Spider (4/4) Lair:3          Orc (2/2) D:11
 Vaults (0/5) D:14         Depths (5/5) D:15
  Slime: Lair:5-6       Elf: Orc:2          Zot: Depths:5

Altars:
Ashenzari
Cheibriados
Dithmenos
Fedhas
Gozag
Hepliaklqana
Kikubaaqudgha
Makhleb
Nemelex Xobeh
Okawaru
Qazlal
Ru
Trog
Uskayaw
Xom
Yredelemnul
Zin
The Shining One
Beogh

Shops:
D:6 [   D:14 ?   Orc:2 ([?(   Depths:3 !*(

Portals:
Hell: Depths:3 Depths:5
Pandemonium: Depths:3
Trove: D:12 (give +6 fire dragon scales)

Annotations:
Abyss:1 Nergalle
Zig:4 exclusions: ice statue, obsidian statue and 2 orange crystal statues


Innate Abilities, Weirdness & Mutations

You are resistant to damage.
You can heal yourself by infusing magical energy.
You are clumsy. (Dex -2)
You are dopey. (Int -2)
You resist negative energy. (rN+)
You passively map a large area around you.
You cannot be stealthy.
You cannot study or cast Fire magic.
You cannot study or cast Summoning magic.
You cannot study or cast Transmutations magic.
You are somewhat unskilled. (-1 Apt)
You are somewhat inexperienced. (-2 XL)
You do not regenerate.


Message History

Toss (no damage): ring of stealth
Press: ? - help, Q - select action, (/) - cycle Shift-Dir - straight line You toss away a ring of stealth.
You feel much better.
You feel much better.
Throw: dart (poison)
Press: ? - help, Q - select action, (/) - cycle Shift-Dir - straight line You throw a poisoned dart. 2 orange crystal statues, an obsidian statue and an ice statue come into view.
Marking area around 2 orange crystal statues, an obsidian statue and an ice statue as unsafe for travelling.
There is an empty arch of ancient stone here.
Found a scale mail, 14 stones and a scroll of blinking.
A large abomination comes into view.
The orange crystal statue glitters.
Found four items.
A smoke demon, an Executioner and a pandemonium lord come into view.
Tuh Ohuv breathes, "Surrender, thou dissembling thigh-biting zombie-fodder!"
The Executioner gives a hideous shriek!
The torturous black sun shouts!
The orange crystal statue fixes its piercing gaze on you.
You feel your power leaking away.
The torturous black sun prays to Kikubaaqudgha.
Tuh Ohuv begins absorbing vital energies!
The Executioner begins absorbing vital energies!
The large abomination begins absorbing vital energies!
The smoke demon begins absorbing vital energies!
The green death begins absorbing vital energies!
The gelid warmonger begins absorbing vital energies!
The reaper begins absorbing vital energies!
The torturous black sun begins absorbing vital energies!
The Ice Fiend begins absorbing vital energies!
The reaper closely misses you.
The obsidian statue's eyes glow briefly.
The obsidian statue attempts to bespell you!
You resist.
The orange crystal statue is stunned by your conviction and fails to attack.
Found 5 gold pieces, a potion of mutation and 3 scrolls of identify.
Found two gates leading back out of this place.
Found a stone staircase leading down.
Evoke which item? (* to show all) (? for menu, Esc to quit)
Clouds of poison gas condense around you!
The condenser dries out!
The Executioner begins to attack, but is stunned by your conviction!
Tuh Ohuv gestures.
Tuh Ohuv seems to speed up.
The Executioner begins to attack, but is stunned by your conviction!
The gelid warmonger is engulfed in poison gas.
The gelid warmonger is poisoned.
The orange crystal statue begins to attack, but is stunned by your conviction!
The torturous black sun is engulfed in poison gas.
The torturous black sun is poisoned.
The orange crystal statue fixes its piercing gaze on you.
Something tries to feed on your intellect!
The ice statue gestures.
You slash the orange crystal statue!
Space warps horribly around the orange crystal statue!
The orange crystal statue is moderately damaged.
You barely miss the green death. You slash the reaper!
Space warps horribly around the reaper!
The green death begins to attack, but is stunned by your conviction!
The Executioner gestures.
The Executioner seems to speed up.
The reaper hits you with a +4 scythe! You partially resist.
You feel drained.
You hit the orange crystal statue.
Space bends around the orange crystal statue.
The orange crystal statue is heavily damaged.
You slice the green death!!
Space bends around the green death.
You slice the reaper!!
The gelid warmonger is engulfed in poison gas.
The gelid warmonger looks even sicker.
The ice statue gestures at you.
The bolt of cold hits the Ice Fiend.
The Ice Fiend completely resists.
The bolt of cold misses you.
The orange crystal statue glitters.
You resist with almost no effort.
The torturous black sun is engulfed in poison gas.
The torturous black sun looks even sicker.
The green death gestures at you. The blast of poison misses you.
You slice the orange crystal statue!!
Space warps horribly around the orange crystal statue!
The orange crystal statue is almost destroyed.
You hit the Ice Fiend.
Space bends around the Ice Fiend.
You barely miss the green death. You hit the reaper.
You slash the gelid warmonger!
Space bends around the gelid warmonger.
The reaper blinks!
You are engulfed in poison gas.
You are poisoned.
The Ice Fiend claws you! The Ice Fiend freezes you!!
You feel your power leaking away. The Ice Fiend claws you!
The Ice Fiend freezes you!!
* * * LOW HITPOINT WARNING * * *
You feel your power leaking away.
The orange crystal statue begins to attack, but is stunned by your conviction!
The gelid warmonger looks even sicker.
The gelid warmonger hits you with a +2 demon blade of venom!!
* * * LOW HITPOINT WARNING * * *
You feel your attacks grow feeble.
You focus your inner power and paralyse the gelid warmonger in retribution!
The ice statue gestures.
The reaper hits you with a +4 scythe!!
You die...

▓▓▓▓▓▓▓▓▓
▓▓Y§Y.§§§▓▓
▓§§8§.18§.▓▓
§§§§&§1@§..▓▓
,§§§§X§226.∩.▓
§§§3§6§§§..▓▓
*▓.§8§§§8§.▓▓
▓▓§§§§§§§▓▓
▓▓▓▓▓▓▓▓▓


You could see Tuh Ohuv (fast, black mark), an Ice Fiend (summoned, black mark),
a gelid warmonger (summoned, black mark, icemail, paralysed, very poisoned), a
reaper (summoned, black mark), an ice statue, a green death (summoned, black
mark), 2 orange crystal statues, an obsidian statue, a torturous black sun
(summoned, black mark, very poisoned), an Executioner (fast, black mark), a
large abomination (black mark), a smoke demon (black mark) and 2 ice beasts.

Vanquished Creatures
  Mara (Spider:4)
  An ancient lich (Zig:3)
  A juggernaut (Depths:3)
  the Enchantress (Depths:3)
  A bone dragon (Swamp:4)
  A lich (Depths:3)
  Rupert (Lair:3)
  3 sphinxes
  5 fire giants
  A frost giant (Depths:3)
  A ghost moth (Spider:4)
  4 emperor scorpions (Spider:4)
  3 spriggan defenders (Depths:3)
  5 very ugly things
  3 stone giants
  A deep elf annihilator (Depths:3)
  3 spark wasps
  A purple draconian (Depths:5)
  2 bunyips (Swamp:4)
  2 ettins
  2 eleionomae (Swamp:3)
  Snorg (D:13)
  A deep elf death mage (Depths:3)
  2 jiangshi (Depths:3)
  Josephine (D:12)
  A fire dragon (Depths:3)
  2 great orbs of eyes (Depths:3)
  3 spriggan air magi (Depths:3)
  3 ice dragons
  A boulder beetle (D:14)
  3 hydras
  A rakshasa (Depths:3)
  2 ghost crabs (Swamp:4)
  A merfolk avatar (Lair:6)
  2 centaur warriors
  A catoblepas (Lair:3)
  4 two-headed ogres
  4 alligators
  8 death yaks
  6 deep troll earth magi
  An orc high priest (Zig:2)
  5 deep troll shamans
  A spriggan berserker (Depths:3)
  2 vampire magi
  3 iron trolls (Depths:3)
  10 spriggans
  16 deep trolls
  A spriggan druid (Swamp:4)
  4 swamp dragons (Swamp:3)
  3 bog bodies
  4 orc knights (Orc:2)
  A harpy (shapeshifter) (Depths:2)
  2 spectral hydras (Swamp:4)
  5 orb spiders
  A deep elf mage (D:12)
  20 ugly things
  10 elephants
  3 salamanders (Depths:5)
  A will-o-the-wisp (Swamp:3)
  15 wolf spiders
  2 moths of wrath
  A black mamba (Lair:4)
  A smoke demon (Depths:5)
  5 gargoyles
  2 swamp worm zombies (Swamp:4)
  A rime drake (Lair:6)
  9 cane toads
  9 komodo dragons
  An efreet (D:10)
  A komodo dragon (shapeshifter) (Depths:5)
  A yaktaur (D:14)
  4 demonic crawlers
  A hellwing (Depths:5)
  4 red devils (Depths:5)
  A tyrant leech (Swamp:3)
  4 hydra zombies (Swamp:4)
  4 polar bears
  A troll (Zig:2)
  16 jumping spiders
  12 hornets
  3 bloated husks (Swamp:4)
  A wolf spider simulacrum (D:14)
  A wind drake (Lair:6)
  5 spectral swamp dragons (Swamp:4)
  11 blink frogs
  2 alligator zombies (Swamp:4)
  3 slime creatures (D:14)
  A centaur simulacrum (D:15)
  A shadow (D:14)
  16 tarantellas
  37 redbacks
  3 wraiths (D:12)
  4 wyverns
  30 yaks
  A water elemental (Depths:3)
  4 basilisks
  4 hogs (Swamp:4)
  5 vampire mosquitoes
  An acid dragon (shapeshifter) (Depths:3)
  4 hell hounds (Depths:5)
  An acid dragon (D:9)
  10 water moccasins
  19 orc warriors
  4 sky beasts
  A swamp drake (Swamp:1)
  An eye of draining (D:12)
  A swamp dragon zombie (Swamp:4)
  A necrophage (D:10)
  4 phantoms
  A hornet zombie (D:11)
  6 ice beasts
  4 boggarts (Depths:3)
  4 ogres
  14 centaurs
  7 wolves
  A big kobold (D:9)
  15 bullfrogs
  A wyvern skeleton (D:13)
  3 killer bees (D:10)
  20 wights
  2 electric eels
  3 crimson imps (Depths:5)
  A howler monkey (D:8)
  2 bullfrog zombies
  4 orc priests
  2 hounds
  An iron imp (Zig:1)
  2 jellies
  6 orc wizards
  5 centaur skeletons
  A bullfrog skeleton (D:12)
  5 iguanas
  3 worker ants
  A hound zombie (D:6)
  A worker ant zombie (D:8)
  7 adders
  A shadow imp (D:9)
  2 white imps (D:15)
  3 ufetubi
  2 adder skeletons
  A leopard gecko (D:10)
  38 orcs
  A giant cockroach (D:8)
  7 kobolds (D:9)
634 creatures vanquished.

Vanquished Creatures (collateral kills)
  A bog body (Swamp:4)
  A swamp worm zombie (Swamp:4)
  2 blink frogs (Lair:4)
  A yak (Lair:4)
  A swamp worm (Swamp:4)
6 creatures vanquished.

Vanquished Creatures (others)
  A hydra (Swamp:4)
  A centaur warrior (Depths:2)
  2 deep trolls
  A wizard (Depths:3)
  A spectral hydra (Swamp:4)
  4 bloated husks (Swamp:4)
  A hydra zombie (Swamp:4)
  An alligator zombie (Swamp:4)
  A redback (Spider:4)
  A spriggan (Swamp:3)
  A wyvern (Lair:6)
  A swamp worm (Swamp:4)
  2 phantoms (Swamp:4)
  A wight (D:12)
  2 orcs
  4 foxfires (Swamp:4)
  13 fungi
  36 plants
74 creatures vanquished.

Grand Total: 714 creatures vanquished

Notes
Turn   | Place    | Note
-------+----------+-------------------------------------------
     0 | D:5      | EnegeticOcto the Deep Dwarf Delver began the quest for the
                  | Orb.
     0 | D:5      | Reached XP level 1. HP: 20/20 MP: 1/1
     0 | D:5      | Found a staircase to the Ecumenical Temple.
     5 | Temple   | Entered the Ecumenical Temple
    48 | Temple   | Became a worshipper of Ru the Awakened
    82 | D:6      | Noticed a bullfrog
    99 | D:6      | Killed a bullfrog
   100 | D:6      | Reached skill level 4 in Axes
   100 | D:6      | Reached XP level 2. HP: 13/27 MP: 2/2
   100 | D:6      | Reached XP level 3. HP: 16/33 MP: 3/3
   123 | D:6      | Reached XP level 4. HP: 39/40 MP: 4/4
   123 | D:6      | Noticed a bullfrog
   135 | D:6      | Your magical essence is drained by the effort!
   141 | D:6      | Killed a bullfrog
   142 | D:6      | Reached skill level 5 in Axes
   142 | D:6      | Reached XP level 5. HP: 32/46 MP: 4/4
   146 | D:6      | Found a bloodstained altar of Trog.
   193 | D:5      | Noticed an ice beast
   214 | D:6      | Found an iron altar of Okawaru.
   240 | D:6      | Reached skill level 6 in Axes
   253 | D:6      | Found Lepniwk's Armour Boutique.
   371 | D:7      | Noticed an ogre
   384 | D:7      | Killed an ogre
   385 | D:7      | Reached skill level 7 in Axes
   385 | D:7      | Reached XP level 6. HP: 36/55 MP: 5/5
   401 | D:7      | Your magical essence is drained by the effort!
   512 | D:8      | Reached skill level 8 in Axes
   582 | D:8      | Found a snail-covered altar of Cheibriados.
   599 | D:8      | Noticed an orc warrior
   602 | D:8      | Noticed an orc warrior
   603 | D:8      | Reached XP level 7. HP: 32/61 MP: 5/5
   604 | D:8      | Your magical essence is drained by the effort!
   616 | D:8      | Reached skill level 9 in Axes
   637 | D:8      | Reached skill level 1 in Spellcasting
   637 | D:8      | Your magical essence is drained by the effort!
   666 | D:8      | Found a roughly hewn altar of Beogh.
   788 | D:8      | Reached skill level 2 in Spellcasting
   840 | D:8      | Gained mutation: You are somewhat unskilled. (-1 Apt) [Ru
                  | sacrifice]
   840 | D:8      | Reduced skill Axes to level 8
   840 | D:8      | Reduced skill Stealth to level 5
   840 | D:8      | Reached * piety under Ru
   840 | D:8      | Reached ** piety under Ru
   961 | D:8      | Reached skill level 9 in Axes
   961 | D:8      | Reached XP level 8. HP: 43/68 MP: 7/7
  1089 | D:9      | Reached skill level 3 in Spellcasting
  1113 | D:10     | Entered Level 10 of the Dungeon
  1132 | D:10     | Reached skill level 10 in Axes
  1132 | D:10     | Reached skill level 4 in Spellcasting
  1214 | D:10     | Gained mutation: You passively map the area around you.
                  | [Deep Dwarf growth]
  1214 | D:10     | Reached XP level 9. HP: 37/73 MP: 11/11
  1245 | D:10     | Reached skill level 11 in Axes
  1257 | D:10     | Noticed an efreet
  1260 | D:10     | Noticed a centaur warrior
  1267 | D:10     | Killed an efreet
  1272 | D:10     | Killed a centaur warrior
  1273 | D:10     | Reached skill level 12 in Axes
  1351 | D:10     | Reached skill level 13 in Axes
  1352 | D:10     | Reached XP level 10. HP: 56/81 MP: 12/12
  1395 | D:10     | Reached skill level 1 in Evocations
  1400 | D:10     | Reached skill level 2 in Evocations
  1463 | D:11     | Found a staircase to the Orcish Mines.
  1497 | D:11     | Reached skill level 3 in Evocations
  1500 | D:11     | Reached skill level 3 in Fighting
  1516 | Orc:1    | Entered Level 1 of the Orcish Mines
  1535 | Orc:1    | Reached skill level 4 in Evocations
  1557 | Orc:1    | Gained mutation: You are somewhat inexperienced. (-2 XL)
                  | [Ru sacrifice]
  1557 | Orc:1    | Reached XP level 9. HP: 59/76 MP: 11/11
  1557 | Orc:1    | Reached XP level 8. HP: 59/69 MP: 10/10
  1557 | Orc:1    | Reached *** piety under Ru
  1557 | Orc:1    | Reached **** piety under Ru
  1585 | Orc:1    | Found a burning altar of Makhleb.
  1621 | Orc:2    | Entered Level 2 of the Orcish Mines
  1633 | Orc:2    | Noticed an orc knight
  1634 | Orc:2    | Reached skill level 5 in Evocations
  1635 | Orc:2    | Reached XP level 9. HP: 54/76 MP: 11/11
  1637 | Orc:2    | Killed an orc knight
  1638 | Orc:2    | Reached skill level 4 in Fighting
  1638 | Orc:2    | Reached skill level 6 in Evocations
  1642 | Orc:2    | Noticed an orc knight
  1643 | Orc:2    | Killed an orc knight
  1644 | Orc:2    | Noticed an orc knight
  1658 | Orc:2    | Noticed an orc knight
  1663 | Orc:2    | Your magical essence is drained by the effort!
  1666 | Orc:2    | Reached XP level 10. HP: 42/86 MP: 11/11
  1668 | Orc:2    | Reached skill level 14 in Axes
  1672 | Orc:2    | Killed an orc knight
  1673 | Orc:2    | Reached skill level 5 in Fighting
  1674 | Orc:2    | Killed an orc knight
  1694 | Orc:2    | Found Deedd's Armour Boutique.
  1694 | Orc:2    | Found Nox Doita's Magic Scroll Emporium.
  1705 | Orc:2    | Found Vusuowio's Antique Weapon Shop.
  1707 | Orc:2    | Found Ebluizim's Antique Weapon Shoppe.
  1709 | Orc:2    | Noticed a centaur warrior
  1718 | Orc:2    | Bought a +3 chain mail of poison resistance for 329 gold
                  | pieces
  1719 | Orc:2    | Bought a scroll of teleportation for 45 gold pieces
  1790 | D:11     | Banished an unseen horror
  1808 | D:11     | Reached skill level 1 in Armour
  2016 | D:9      | Noticed a two-headed ogre
  2017 | D:9      | Noticed a two-headed ogre
  2024 | D:9      | Killed a two-headed ogre
  2031 | D:9      | Killed a two-headed ogre
  2032 | D:9      | Reached skill level 2 in Armour
  2032 | D:9      | Reached skill level 3 in Dodging
  2078 | D:9      | Reached XP level 11. HP: 81/88 MP: 12/12
  2123 | D:9      | Learned a level 1 spell: Apportation
  2147 | D:9      | Found a staircase to the Lair.
  2160 | D:9      | Reached skill level 7 in Evocations
  2192 | Lair:1   | Entered Level 1 of the Lair of Beasts
  2197 | Lair:1   | Got a warped chain mail
  2207 | Lair:1   | Identified the +6 chain mail "Pauw" {rElec} (You found it
                  | on level 1 of the Lair of Beasts)
  2329 | Lair:2   | Gained mutation: You cannot be stealthy. [Ru sacrifice]
  2329 | Lair:2   | Reduced skill Stealth to level 0
  2329 | Lair:2   | Reached ***** piety under Ru
  2381 | Lair:3   | Reached skill level 3 in Armour
  2459 | Lair:3   | Noticed a six-headed hydra
  2466 | Lair:3   | Banished a ten-headed hydra
  2467 | Lair:3   | Reached skill level 4 in Dodging
  2527 | Lair:3   | Noticed a six-headed hydra
  2546 | Lair:3   | Killed a 12-headed hydra
  2570 | Lair:3   | Noticed Rupert
  2576 | Lair:3   | Killed Rupert
  2577 | Lair:3   | Reached skill level 4 in Armour
  2577 | Lair:3   | Reached skill level 5 in Dodging
  2577 | Lair:3   | Reached skill level 8 in Evocations
  2578 | Lair:3   | You fall into a shaft and drop 1 floor!
  2665 | Lair:4   | Reached skill level 5 in Armour
  2694 | Lair:5   | Reached XP level 12. HP: 87/102 MP: 13/13
  2697 | Lair:5   | Reached skill level 15 in Axes
  2741 | Lair:5   | Reached skill level 9 in Evocations
  2743 | Lair:5   | Noticed a death yak
  2743 | Lair:5   | Noticed a death yak
  2743 | Lair:5   | Noticed a death yak
  2744 | Lair:5   | Noticed a death yak
  2746 | Lair:5   | Killed a death yak
  2746 | Lair:5   | Noticed a death yak
  2747 | Lair:5   | Reached skill level 6 in Dodging
  2750 | Lair:5   | Noticed a death yak
  2753 | Lair:5   | Killed a death yak
  2756 | Lair:5   | Killed a death yak
  2757 | Lair:5   | Killed a death yak
  2762 | Lair:5   | Killed a death yak
  2763 | Lair:5   | Reached skill level 6 in Armour
  2764 | Lair:5   | Banished a death yak
  2793 | Lair:6   | Entered Level 6 of the Lair of Beasts
  2793 | Lair:6   | Noticed a death yak
  2797 | Lair:6   | Noticed a death yak
  2799 | Lair:6   | Noticed a death yak
  2804 | Lair:6   | Noticed a death yak
  2807 | Lair:6   | Banished a death yak
  2808 | Lair:6   | Killed a death yak
  2808 | Lair:6   | Noticed a death yak
  2809 | Lair:6   | Reached skill level 10 in Evocations
  2814 | Lair:6   | Killed a death yak
  2815 | Lair:6   | Reached skill level 7 in Dodging
  2819 | Lair:6   | Killed a death yak
  2819 | Lair:6   | Banished a death yak
  2849 | Lair:6   | Reached skill level 7 in Armour
  2922 | Lair:6   | Reached XP level 13. HP: 75/111 MP: 14/14
  2972 | Lair:6   | Reached skill level 8 in Dodging
  2996 | Lair:6   | Paralysed by a hornet for 3 turns
  3024 | Lair:6   | Reached skill level 11 in Evocations
  3049 | Lair:6   | Gained mutation: You cannot study or cast Fire magic. [Ru
                  | sacrifice]
  3049 | Lair:6   | Gained mutation: You cannot study or cast Transmutations
                  | magic. [Ru sacrifice]
  3049 | Lair:6   | Gained mutation: You cannot study or cast Summoning magic.
                  | [Ru sacrifice]
  3121 | Lair:4   | Reached skill level 8 in Armour
  3518 | Lair:3   | Found a hole to the Spider Nest.
  3531 | Spider:1 | Entered Level 1 of the Spider Nest
  3548 | Spider:1 | Reached skill level 16 in Axes
  3572 | Spider:2 | Reached skill level 6 in Fighting
  3635 | Spider:4 | Entered Level 4 of the Spider Nest
  3640 | Spider:4 | Noticed an emperor scorpion
  3643 | Spider:4 | Reached skill level 9 in Dodging
  3665 | Spider:4 | Killed an emperor scorpion
  3666 | Spider:4 | Gained mutation: You resist negative energy. (rN+) [Deep
                  | Dwarf growth]
  3666 | Spider:4 | Reached XP level 14. HP: 75/120 MP: 15/15
  3666 | Spider:4 | Gained mutation: You are dopey. (Int -2) [Ru sacrifice]
  3695 | Spider:4 | Reached skill level 9 in Armour
  3709 | Spider:4 | Noticed Mara
  3740 | Spider:4 | Noticed EnegeticOcto's illusion
  3744 | Spider:4 | Killed Mara
  3788 | Spider:4 | Reached skill level 7 in Fighting
  3832 | Spider:4 | Noticed an emperor scorpion
  3833 | Spider:4 | Noticed an emperor scorpion
  3850 | Spider:4 | Reached skill level 17 in Axes
  3885 | Spider:4 | Reached skill level 10 in Dodging
  3892 | Spider:4 | Killed an emperor scorpion
  3909 | Spider:4 | Killed an emperor scorpion
  3956 | Spider:4 | Noticed an emperor scorpion
  3971 | Spider:4 | Killed an emperor scorpion
  3989 | Spider:4 | Noticed a ghost moth
  3992 | Spider:4 | Reached skill level 10 in Armour
  3999 | Spider:4 | Killed a ghost moth
  4003 | Spider:4 | Got a gossamer rune of Zot
  4010 | Spider:4 | Noticed a ghost moth
  4026 | Spider:4 | Banished a ghost moth
  4208 | Lair:3   | Noticed Nergalle
  4218 | Lair:3   | Banished Nergalle
  4224 | Lair:3   | Found a staircase to the Swamp.
  4257 | Swamp:1  | Entered Level 1 of the Swamp
  4271 | Swamp:1  | Reached XP level 15. HP: 93/117 MP: 16/16
  4344 | Swamp:3  | Reached skill level 8 in Fighting
  4459 | Swamp:4  | Entered Level 4 of the Swamp
  4490 | Swamp:4  | Your magical essence is drained by the effort!
  4553 | Swamp:4  | Reached skill level 18 in Axes
  4569 | Swamp:4  | Reached skill level 11 in Dodging
  4651 | Swamp:4  | Gained mutation: You are clumsy. (Dex -2) [Ru sacrifice]
  4651 | Swamp:4  | Reached ****** piety under Ru
  4661 | Swamp:4  | Noticed a bone dragon
  4682 | Swamp:4  | Your magical essence is drained by the effort!
  4702 | Swamp:4  | Killed a bone dragon
  4703 | Swamp:4  | Reached skill level 11 in Armour
  4735 | Swamp:4  | Got a decaying rune of Zot
  5063 | D:12     | Found a portal to a secret trove of treasure.
  5072 | D:12     | Noticed Josephine
  5089 | D:12     | Killed Josephine
  5184 | D:13     | Noticed Snorg
  5197 | D:13     | Killed Snorg
  5225 | D:13     | You fall into a shaft and drop 1 floor!
  5232 | D:14     | Reached skill level 9 in Fighting
  5300 | D:14     | Found Yghut's Magic Scroll Boutique.
  5319 | D:14     | Reached XP level 16. HP: 92/128 MP: 15/15
  5351 | D:14     | Bought a scroll of teleportation for 30 gold pieces
  5351 | D:14     | Bought a scroll of magic mapping for 35 gold pieces
  5351 | D:14     | Bought a scroll of magic mapping for 35 gold pieces
  5351 | D:14     | Bought a scroll of teleportation for 30 gold pieces
  5351 | D:14     | Bought a scroll of magic mapping for 35 gold pieces
  5351 | D:14     | Bought a scroll of immolation for 35 gold pieces
  5380 | D:14     | Found a gate to the Vaults.
  5417 | D:15     | Entered Level 15 of the Dungeon
  5513 | D:15     | Found a staircase to the Depths.
  5535 | Depths:1 | Entered Level 1 of the Depths
  5627 | Depths:3 | Reached skill level 19 in Axes
  5638 | Depths:3 | Reached skill level 12 in Dodging
  5639 | Depths:3 | Found Wyhecs's Distillery.
  5654 | Depths:3 | Found Jiynufi's General Store.
  5658 | Depths:3 | Found Vyefeh Asmapt's Antique Weapon Shop.
  5664 | Depths:3 | Bought a potion of cancellation for 184 gold pieces
  5670 | Depths:3 | Bought a potion of resistance for 220 gold pieces
  5672 | Depths:3 | Bought a potion of might for 92 gold pieces
  5761 | Depths:3 | Found a one-way gate leading to the halls of Pandemonium.
  5802 | Depths:3 | Reached skill level 12 in Armour
  5802 | Depths:3 | Noticed a sphinx
  5817 | Depths:3 | Killed a sphinx
  5853 | Depths:3 | Noticed a juggernaut
  5866 | Depths:3 | Identified the cursed +3 mace "Toiwotur" {pain, rElec rPois
                  | rN+ Int-3}
  5866 | Depths:3 | Noticed a lich
  5866 | Depths:3 | Noticed a lich
  5878 | Depths:3 | Noticed a sphinx
  5885 | Depths:3 | Killed a juggernaut
  5896 | Depths:3 | Reached skill level 10 in Fighting
  5899 | Depths:3 | Your magical essence is drained by the effort!
  5901 | Depths:3 | Killed a sphinx
  5903 | Depths:3 | Banished a lich
  5904 | Depths:3 | Reached XP level 17. HP: 78/153 MP: 15/15
  5912 | Depths:3 | Killed a lich
  5980 | Depths:3 | Identified the +1 scale mail of the Wilderness {+Blink
                  | Int-2 Dex+2} (You found it on level 3 of the Depths)
  6111 | Depths:3 | Found a gateway to Hell.
  6147 | Depths:3 | Paralysed by a great orb of eyes for 5 turns
  6229 | Depths:3 | Reached skill level 20 in Axes
  6229 | Depths:3 | Noticed the Enchantress
  6240 | Depths:3 | Killed the Enchantress
  6241 | Depths:3 | Reached skill level 13 in Dodging
  6243 | Depths:3 | Your magical essence is drained by the effort!
  6248 | Depths:3 | Reached skill level 5 in Spellcasting
  6334 | Depths:4 | Reached skill level 13 in Armour
  6356 | Depths:5 | Entered Level 5 of the Depths
  6520 | Depths:5 | Reached skill level 11 in Fighting
  6552 | Depths:5 | Found a gateway to a ziggurat.
  6573 | Zig:1    | Entered Level 1 of a ziggurat
  6599 | Zig:2    | Entered Level 2 of a ziggurat
  6613 | Zig:2    | Gained mutation: You passively map a large area around you.
                  | [Deep Dwarf growth]
  6613 | Zig:2    | Reached XP level 18. HP: 141/141 MP: 17/17
  6627 | Zig:2    | Got a twitching platinum amulet
  6637 | Zig:2    | Identified the amulet of Honesty {Faith Will++ Str+2 Int+4
                  | Slay+2} (You found it on level 2 of a ziggurat)
  6649 | Zig:3    | Entered Level 3 of a ziggurat
  6652 | Zig:3    | Noticed an ancient lich
  6660 | Zig:3    | Killed an ancient lich
  6661 | Zig:3    | Reached skill level 6 in Spellcasting
  6681 | Zig:4    | Entered Level 4 of a ziggurat
  6684 | Zig:4    | Found the amulet of Vitality {Regen+ HP+15}
  6684 | Zig:4    | Noticed an Ice Fiend
  6684 | Zig:4    | Noticed Tuh Ohuv the pandemonium lord
  6688 | Zig:4    | Slain by a reaper

Illustrated notes

Levels and vault maps discovered:
D:5:      layout_layer_cave, minmay_temple_entry_from_below_a,
          nicolae_zen_rock_garden, minmay_strange_pillars
D:6:      layout_loops_ring, lightli_temple_of_fire, general_overflow_altar,
          serial_shops, shop
D:7:      layout_gridville, basic_altar, serial_shops, shop
D:8:      layout_loops_cross, overflow_temple_1_default, special_room
          [special_room_orc]
D:9:      layout_roguey, erik_lair_dragon
D:10:     layout_rooms
D:11:     layout_loops_ring, orc_0_dummy
D:12:     layout_cave_pools, nicolae_trove_entry_crystal, uniq_urug,
          uniq_josephine
D:13:     layout_basic, uniq_snorg, uniq_maurice
D:14:     layout_cave_pools, david_vaults_5, serial_shops, shop,
          kennysheep_cross_bottleneck
D:15:     grunt_enter_depths_giant_problem, layout_stronghold,
          hangedman_decor_riveting, serial_ice, serial_ice_h, serial_ice_b,
          serial_ice_n, serial_ice_i, serial_ice_m, serial_ice_e, serial_ice_g,
          portal_ice_cave_rime
Temple:   eino_narrow_crystal_temple
Lair:1:   layout_roguey
Lair:2:   layout_cave_pods
Lair:3:   nzn_winding_woodlands_small [nzn_winding_woodlands_5x15_default,
          nzn_winding_woodlands_center_diamonds,
          nzn_winding_woodlands_5x15_garden], layout_chaotic_city,
          swamp_mist_pool, spider_nest_entry_a, minmay_shattered_shrine,
          serial_bayou_shore_a, uniq_rupert, uniq_nergalle
Lair:4:   layout_misc_corridors
Lair:5:   layout_roguey
Lair:6:   gammafunk_lair_ancient_temple, layout_loops_ring, slime_altar_1,
          grunt_megastairs_4
Swamp:1:  layout_basic_swamp, nicolae_swamp_fairy_circle, swamp_pool2,
          infiniplex_staircase_pool_2
Swamp:2:  layout_basic_swamp, nicolae_swamp_trees_clearing, swamp_pool3
Swamp:3:  layout_falls_marsh, evilmike_swamp_ruin_house_2, swamp_pool2,
          statue_in_the_mist_lemuel
Swamp:4:  swamp_pestilence, layout_basic_swamp, uniq_kirke
Spider:1: layout_spider_delve
Spider:2: layout_spider_delve
Spider:3: layout_spider_delve, ebering_ghost_inner_flame, uniq_azrael,
          uniq_arachne
Spider:4: grunt_spider_rune_parallel, uniq_mara
Orc:1:    layout_caves, basic_altar
Orc:2:    st_orc_rangers, layout_caves
Depths:1: layout_gridlike, hell_entry, laboratory, minmay_shop_grove
Depths:2: minmay_the_grid_triangle_9x9_recursive_3
          [minmay_the_grid_triangle_9x9_swiss_cheese,
          minmay_the_grid_triangle_9x9_impossible_snake,
          minmay_the_grid_triangle_9x9_intruding_spiral,
          minmay_the_grid_triangle_9x9_prize_special,
          minmay_the_grid_triangle_9x9_windchime,
          minmay_the_grid_triangle_9x9_dagger,
          minmay_the_grid_triangle_9x9_zippers_vertical,
          minmay_the_grid_triangle_9x9_wacky_v,
          minmay_the_grid_triangle_9x9_from_above], layout_basic, hell_entry,
          minmay_misc_feat_tower, infiniplex_staircase_star
Depths:3: grunt_arcs, layout_gridlike, pf_coc_iceberg, abandoned_shop,
          abyss_entry_small_statue_room, pan_entry, grunt_ministairs_6,
          minmay_shop_star, uniq_enchantress
Depths:4: kennysheep_snake, layout_cave_shapes, corexii_corridor_pit,
          abyss_entry, pf_hell_entry_great_geh, serial_bayou_shore_b,
          infiniplex_staircase_x
Depths:5: grunt_zot_entry_funnels, layout_gridville, enter_ziggurat_f,
          hellmouth_3, serial_shops, shop, grunt_ministairs_4
Zig:4

Skill      XL: |  1  2  3  4  5  6  7  8  9 10 11 12 13 14 15 16 17 18 |
---------------+-------------------------------------------------------+-----
Axes           | 4 5 7 8 9 10 13 14 15 16 17 18 19 20 | 20.0
Spellcasting   | 2 4 5 6 |  6.1
Stealth        | 5 0 |  0.0
Evocations     | 5 6 4 8 10 11 | 11.5
Fighting       | 4 5 6 7 9 10 11 | 11.2
Armour         | 2 5 7 8 10 11 12 13 | 13.5
Dodging        | 3 5 7 9 10 11 12 13 | 13.7

Action                   |  1- 3 |  4- 6 |  7- 9 | 10-12 | 13-15 | 16-18 || total
-------------------------+-------+-------+-------+-------+-------+-------++-------
Melee: Hand axe          |    25 |    69 |    14 |       |       |       ||   108
       War axe           |       |       |   177 |    82 |       |       ||   259
       Battleaxe         |       |       |       |   263 |   755 |   513 ||  1531
Throw: Dart              |       |     5 |     6 |     1 |    18 |     6 ||    36
Invok: Sacrifice Skill   |       |       |     1 |       |       |       ||     1
       Power Leap        |       |       |     2 |     7 |    21 |       ||    30
       Draw Out Power    |       |       |     2 |    19 |    44 |    30 ||    95
       Sacrifice Experie |       |       |     1 |       |       |       ||     1
       Apocalypse        |       |       |       |     1 |     4 |     3 ||     8
       Sacrifice Stealth |       |       |       |     1 |       |       ||     1
       Sacrifice Arcana  |       |       |       |       |     1 |       ||     1
       Sacrifice Purity  |       |       |       |       |     2 |       ||     2
 Abil: Heal Wounds       |     2 |     3 |    13 |    10 |    11 |    17 ||    56
Evoke: Wand              |       |     1 |     6 |     5 |    29 |    12 ||    53
       Condenser vane    |       |       |     2 |       |     4 |     6 ||    12
       Lightning rod     |       |       |       |       |     7 |     7 ||    14
  Use: Scroll            |       |       |     5 |     8 |    12 |     7 ||    32
       Potion            |       |       |       |       |     4 |     2 ||     6
 Stab: Sleeping          |     1 |     3 |       |       |       |       ||     4
       Paralysed         |       |       |     2 |     1 |     8 |     5 ||    16
       Invisible         |       |       |     1 |     1 |    21 |     6 ||    29
       Distracted        |       |       |       |     2 |     4 |     4 ||    10
Armor: Leather armour    |     7 |    14 |    17 |       |       |       ||    38
       Plate armour      |       |       |   141 |    58 |       |       ||   199
       Chain mail        |       |       |       |   145 |   567 |   266 ||   978
Dodge: Dodged            |    22 |    45 |   132 |   153 |   598 |   257 ||  1207
